 Dungeon Sprint DCSS version 0.20-a0-640-g62ed22f (webtiles) character file.

12 esc the Stinger (level 4, 0/46 HPs)
             Began as an Octopode Venom Mage on Feb 12, 2017.
             Was an Initiate of Sif Muna.
             Slain by a water moccasin (1 damage)
             ... in the Dungeon (Sprint VI: "Thunderdome").
             The game lasted 00:02:25 (180 turns).

esc the Stinger (Octopode Venom Mage)                Turns: 180, Time: 00:02:26

Health: 0/46       AC:  1    Str: 17    XL:     4   Next: 20%
Magic:  6/9        EV: 15    Int: 21    God:    Sif Muna [......]
Gold:   40         SH:  0    Dex: 14    Spells: 9/10 levels left

rFire    + + .     SeeInvis .   (no weapon)
rCold    x . .     Gourm    .   (no shield)
rNeg     + + .     Faith    .   (helmet restricted)
rPois    .         Spirit   .   o - amulet of Vagacyq {Fragile +Blink +Rage Dex+2}
rElec    .         Reflect  .   p - ring "Fiesel" {rCorr rN+ MR- Int+3}
rCorr    +         Harm     .   n - ring "Ukevoss" {*Contam +Fly rF+ rN+ Str+3}
MR       .....     NoTele   +   m - ring of the Vendetta {Fire MR+ Str+2}
Stlth    ..........             (no ring)
Regen    0.2/turn               (no ring)
MPRegen  0.2/turn               (no ring)
                                (no ring)
                                (no ring)

@: berserking (expiring), lethally poisoned (0 -> -20), very quick
A: almost no armour, stealthy swim, amphibious, 8 rings, constrict 8, camouflage
1, gelatinous body 1
a: Renounce Religion, Evoke Blink, Evoke Berserk Rage, Evoke Flight


You were in the Dungeon.
You worshipped Sif Muna.
Sif Muna was noncommittal.
You were not hungry.

You visited 1 branch You collected 220 gold pieces.
You spent 180 gold pieces at shops.

Inventory:

Hand Weapons
 q - a +0 hand axe
   (You took it off an orc in the Dungeon)
 s - a +0 club
   (You took it off a goblin in the Dungeon)
Jewellery
 m - the ring of the Vendetta (on tentacle) {Fire MR+ Str+2}
   (You bought it in a shop in the Dungeon)

   [ring of fire]

   It enhances your fire magic.
   It affects your strength (+2).
   It protects you from fire.
   It makes you vulnerable to cold.
   It affects your resistance to hostile enchantments.
 n - the ring "Ukevoss" (right tentacle) {*Contam +Fly rF+ rN+ Str+3}
   (You bought it in a shop in the Dungeon)

   [ring of positive energy]

   It affects your strength (+3).
   It protects you from fire.
   It protects you from negative energy.
   It lets you fly.
   It causes magical contamination when unequipped.
 o - the amulet of Vagacyq (around mantle) {Fragile +Blink +Rage Dex+2}
   (You bought it in a shop in the Dungeon)

   [amulet of rage]

   It affects your dexterity (+2).
   It lets you blink.
   It lets you go berserk.
   It will be destroyed if unequipped.
 p - the ring "Fiesel" (left tentacle) {rCorr rN+ MR- Int+3}
   (You bought it in a shop in the Dungeon)

   [ring of resist corrosion]

   It affects your intelligence (+3).
   It protects you from negative energy.
   It affects your resistance to hostile enchantments.
Wands
 i - a wand of acid (5/15)
   (You found it in the Dungeon)
 j - a wand of iceblast (4/15)
   (You found it in the Dungeon)
Scrolls
 h - 4 scrolls of blinking {!r}
 k - 3 scrolls of fog
Potions
 c - a potion of curing
 d - 3 potions of heal wounds
 e - 4 potions of haste
 f - 2 potions of magic
 l - a potion of resistance
Books
 a - a Young Poisoner's Handbook
Comestibles
 b - a bread ration {@e1}
 r - 4 chunks of flesh {@w0}


   Skills:
 + Level 3.1 Fighting
 + Level 3.8 Dodging
 - Level 2.6 Stealth
 + Level 3.7 Spellcasting
 + Level 3.5 Conjurations
 + Level 5.3 Poison Magic
 + Level 0.9 Invocations


You had 9 spell levels left.
You knew the following spells:

 Your Spells              Type           Power        Failure   Level  Hunger
a - Sting                 Conj/Pois      ###.         1%          1    None


Dungeon Overview and Level Annotations

Branches:
Dungeon (1/1)

Altars:
Cheibriados
Dithmenos
Fedhas
Gozag
Kikubaaqudgha
Makhleb
Okawaru
Qazlal
Ru
Sif Muna
Trog
Uskayaw
Vehumet
Xom
Yredelemnul
Zin
The Shining One
Beogh
Jiyva
Lugonu

Shops:
D *[%??*?*:[((!!!!


Innate Abilities, Weirdness & Mutations

You cannot wear most types of armour.
You are very stealthy in the water. (Stealth+)
You are amphibious.
You can wear up to eight rings at the same time.
You can use your tentacles to constrict eight enemies at once.
Your skin changes colour to match your surroundings (Stealth+).
Your rubbery body absorbs attacks. (AC +1, EV +1)


Message History

You see here a hobgoblin corpse.
You butcher the hobgoblin corpse.
r - 4 chunks of flesh {@w0} (gained 2)
Found three shops.
Found a roughly hewn altar of Beogh.
Your magical contamination has completely faded away.
There is a deep blue altar of Sif Muna here.
You curl up in front of the altar of Sif Muna.
Sif Muna welcomes you!
There is a roughly hewn altar of Beogh here.
There is an entrance to Ynisokot's Magic Scroll Shop here.
There is an entrance to Lutefa's Magic Scroll Shop here.
You start resting. 50...
A goblin comes into view. It is wielding a club.
You can't see any susceptible monsters within range! (Use Z to cast anyway.)
An orc comes into view. It is wielding a hand axe.
Aim: a goblin, wielding a club (hasn't noticed you)
The sting misses the goblin.
The goblin shouts!
The orc shouts!
You now have 4/8 mp.
Aim: a goblin, wielding a club The sting hits the goblin.
You kill the goblin!
Sif Muna accepts your kill.
You have reached level 4!
You regained 5 hp, and now have 30/31 hp.
You now have 3/9 mp.
Aim: an orc, wielding a hand axe The sting hits the orc.
The orc is poisoned.
You now have 2/9 mp.
Aim: an orc, wielding a hand axe (heavily wounded, poisoned)
The sting hits the orc.
Health restored: 31 You now have 1/9 mp.
You kill the orc!
Sif Muna accepts your kill.
Victory!
Score multiplier: 2x You now have 12 arena points (gained 12).
You now have 40 gold pieces (gained 20).
There are no items here.
Autopickup is now off.
Autopickup is now on.
q - a hand axe
s - a club You start resting.
Get ready!
You regained 4 mp, and now have 7/9 mp.
You start resting.
ROUND 2!
FIGHT!
You sense a tension in the east.
You see here an embroidered robe.
A water moccasin comes into view.
An adder comes into view.
A water moccasin comes into view.
Aim: an adder The sting misses the adder.
You now have 7/9 mp.
Aim: an adder The sting hits the adder.
The water moccasin hisses angrily.
You now have 6/9 mp.
Okay, then.
Okay, then.
Aim: an adder (lightly wounded)
The sting hits the adder.
You now have 5/9 mp.
Really quaff
g - a potion of berserk rage {!q}?
A red film seems to cover your vision as you go berserk!
You feel yourself moving faster!
You feel mighty! The adder bites you.
You now have 41/46 hp.
You barely miss the adder. Your grab misses the adder.
Your squeeze misses the adder. The water moccasin bites you!
You take 9 damage, and have 32/46 hp.
You bludgeon the adder! Your grab misses the adder.
Your squeeze misses the adder. The adder bites you.
The water moccasin bites you.
You are poisoned.
The water moccasin poisons you! The water moccasin bites you.
You take 8 damage, and have 24/46 hp.
You closely miss the adder. You grab the adder. You squeeze the adder.
You kill the adder!
Sif Muna accepts your kill.
You feel sick. The water moccasin bites you. x2
You take 9 damage, and have 15/46 hp.
You feel sick. The water moccasin barely misses you.
You take 1 damage, and have 14/46 hp.
You barely miss the water moccasin. Your grab misses the water moccasin.
You squeeze the water moccasin!
You feel sick. The water moccasin bites you.
* * * LOW HITPOINT WARNING * * *
The water moccasin bites you!
* * * LOW HITPOINT WARNING * * *
You are more poisoned.
The water moccasin poisons you!
You take 12 damage, and have 2/46 hp.
MASSIVE DAMAGE!!
You tentacle-slap the water moccasin. Your grab misses the water moccasin.
* * * LOW HITPOINT WARNING * * *
You feel sick. The water moccasin bites you.
You die...

#⌠..........###...###..........
##.............###.............
###∩........8.# #.8..).....∩##
##∩___..[...###......___∩##
######.8.).......8.######
#⌠...........⌠# ###.........###
#_..SS....# #_...@....#
#_......._# #∩.......∩#
##∩.....∩## ##.....## ##⌠⌠⌠##
#####


You could see 2 water moccasins.

Vanquished Creatures
  An orc priest (D)
  Jessica (D)
  An adder (D)
  An orc (D)
  A goblin (D)
  A hobgoblin (D)
6 creatures vanquished.

Notes
Turn   | Place    | Note
-------+----------+-------------------------------------------
     0 | D        | esc the Octopode Venom Mage began the quest for the Orb.
     0 | D        | Reached XP level 1. HP: 11/11 MP: 3/3
     1 | D        | Found a sacrificial altar of Ru.
     2 | D        | Found a burning altar of Makhleb.
     2 | D        | Found a deep blue altar of Sif Muna.
     3 | D        | Found a snail-covered altar of Cheibriados.
     3 | D        | Found a viscous altar of Jiyva.
     4 | D        | Found Roannys's Bee Food.
     4 | D        | Found a glowing golden altar of the Shining One.
     4 | D        | Found a bloodstained altar of Trog.
     4 | D        | Found Paamacota's Identification Station.
     5 | D        | Found Vishavets's Jewellery.
     5 | D        | Found Kiusem's Advanced Armour.
     5 | D        | Round 1.
    13 | D        | Bought a twitching iron ring for 45 gold pieces
    13 | D        | Bought a heavily runed steel ring for 45 gold pieces
    13 | D        | Bought a sparkling tin amulet for 45 gold pieces
    13 | D        | Bought an ancient turquoise ring for 45 gold pieces
    13 | D        | Identified the amulet of Vagacyq {Fragile +Blink +Rage Dex+2} (You bought it in a shop in the Dungeon)
    14 | D        | Identified the ring "Fiesel" {rCorr rN+ MR- Int+3} (You bought it in a shop in the Dungeon)
    15 | D        | Identified the ring "Ukevoss" {*Contam +Fly rF+ rN+ Str+3} (You bought it in a shop in the Dungeon)
    16 | D        | Identified the ring of the Vendetta {Fire MR+ Str+2} (You bought it in a shop in the Dungeon)
    18 | D        | Noticed Jessica
    19 | D        | Killed Jessica
    19 | D        | Reached skill level 2 in Fighting
    19 | D        | Reached skill level 3 in Dodging
    19 | D        | Reached skill level 3 in Spellcasting
    19 | D        | Reached skill level 2 in Conjurations
    19 | D        | Reached skill level 4 in Poison Magic
    19 | D        | Reached XP level 2. HP: 19/19 MP: 4/6
    19 | D        | Reached XP level 3. HP: 24/24 MP: 4/7
    21 | D        | Found an iron altar of Okawaru.
    22 | D        | Found a hide-covered altar of Uskayaw.
    23 | D        | Found a basalt altar of Yredelemnul.
    24 | D        | Found Gavuk's Premium Goods.
    27 | D        | Found a corrupted altar of Lugonu.
    27 | D        | Found Zutruwegg's Weapon Rack.
    27 | D        | Found Iquafees's Miscellaneous Merchandise.
    27 | D        | Found Eseof's Basic Armour.
    34 | D        | Found a shadowy altar of Dithmenos.
    35 | D        | Found a blossoming altar of Fedhas.
    36 | D        | Found a shimmering altar of Xom.
    37 | D        | Found Plog's Do-It-Yourself Clinic.
    38 | D        | Found Xiamuobb's Bottled Wisdom.
    38 | D        | Found Poti's Distillery.
    38 | D        | Found a glowing silver altar of Zin.
    38 | D        | Found a radiant altar of Vehumet.
    38 | D        | Found Qebyomeys's Distillery.
    50 | D        | Reached skill level 3 in Fighting
    50 | D        | Reached skill level 3 in Conjurations
    50 | D        | Reached skill level 5 in Poison Magic
    63 | D        | Found an ancient bone altar of Kikubaaqudgha.
    64 | D        | Found an opulent altar of Gozag.
    65 | D        | Found a stormy altar of Qazlal.
    75 | D        | Found Ogoe's Staff Store.
    78 | D        | Found a roughly hewn altar of Beogh.
    78 | D        | Found Ynisokot's Magic Scroll Shop.
    78 | D        | Found Foada's Must-Have Magic.
    78 | D        | Found Lutefa's Magic Scroll Shop.
    86 | D        | Became a worshipper of Sif Muna the Loreminder
   108 | D        | Reached XP level 4. HP: 30/31 MP: 3/9
   114 | D        | Arena points: 12 (+12) [x2]
   161 | D        | Round 2.
   165 | D        | Noticed a water moccasin
   170 | D        | Noticed a water moccasin
   179 | D        | HP: 11/46 [water moccasin (3)]
   179 | D        | HP: 2/46 [water moccasin (9)]
   180 | D        | Slain by a water moccasin

Vault maps used:
D:        arena_sprint

Skill      XL: |  1  2  3 |
---------------+----------+-----
Fighting       | 2 3 |  3.1
Dodging        | 3 |  3.8
Spellcasting   | 3 |  3.7
Conjurations   | 2 3 |  3.5
Poison Magic   | 4 5 |  5.3
Stealth        | |  2.6
Invocations    | |  0.9

Action                   |  1- 3 |  4- 6 || total
-------------------------+-------+-------++-------
Melee: Unarmed           |       |     5 ||     5
       Tentacles         |       |     2 ||     2
       Constrict         |       |     1 ||     1
 Cast: Sting             |     7 |     6 ||    13
Evoke: Wand              |     1 |       ||     1
  Use: Potion            |     1 |     1 ||     2
Dodge: Dodged            |       |     1 ||     1

Vault maps used:
D:        arena_sprint

Table legend:
 A = Turns spent in this place as a percentage of turns spent in the entire game.
 B = Non-inter-level travel turns spent in this place as a percentage of non-inter-level travel turns spent in the entire game.
 C = Inter-level travel turns spent in this place as a percentage of turns spent in this place.
 D = Turns resting spent in this place as a percentage of non-inter-level travel turns spent in this place.
 E = Turns spent auto-exploring this place as a percentage of non-inter-level travel turns spent in this place.
 F = Non-inter-level travel turns spent in this place divided by the number of levels of this place that you've seen.
                   A       B       C       D       E      F
               +-------+-------+-------+-------+-------+----------------------
         Total | 100.0 | 100.0 |   0.0 |   3.2 |   0.0 | 156.0
       Dungeon | 100.0 | 100.0 |   0.0 |   3.2 |   0.0 | 156.0
               +-------+-------+-------+-------+-------+----------------------

Table legend:
 A = Kills in this place as a percentage of kills in entire the game.
 B = Kills by you in this place as a percentage of kills by you in the entire game.
 C = Kills by friends in this place as a percentage of kills by friends in the entire game.
 D = Other kills in this place as a percentage of other kills in the entire game.
 E = Experience gained in this place as a percentage of experience gained in the entire game.
 F = Experience gained in this place divided by the number of levels of this place that you have seen.
                   A       B       C       D       E      F
               +-------+-------+-------+-------+-------+----------------------
         Total | 100.0 | 100.0 |  -nan |  -nan | 100.0 |  99.0
       Dungeon | 100.0 | 100.0 |  -nan |  -nan | 100.0 |  99.0
               +-------+-------+-------+-------+-------+----------------------
